Match 46339297
Unlisted

Match 46339297
End
Kettenkrad Recon Vehicle
Selects Italian Coastal Battlegroup
Selects Italian Coastal Battlegroup
Selects Coastal Reserves
Coastal Reserve
Coastal Reserve
Coastal Reserve
Construct Infanterie Kompanie
Infanterie Officer Quarters
Selects Artillery Officer
Artillery Officer
Medical Station
Construct Panzergrenadier Kompanie
Selects Support Bunkers
Medical Bunker
Pak 40 Anti-tank Gun Team
Selects Coastal Wall
Construct Panzer Kompanie
MG 42 Bunker
Stoßtruppen Squad
Panzer IV Medium Tank
SEAL
oguzhanmj
Herr Blautier
TBoR
0
0

Comments sign in to comment!

No comments posted yet!